General information
			
			
        
        - name: BNet
 
        - type: Ladder 1vs1/FFA
 
        - host: Battle.net
 
        - saver: GOKUMaN69
 
        
map: TwistedMeadows 
        - players: 2
 
        - length: 64:03
 
        - speed: Fast
 - version: 1.22 W3XP
 - replay type:  Public
 
» download(229 KB)
Players
        team 1 (winner) 
              
              
GOKUMaN69 (
pink | 86 APM | 5493 actions | 64:03)
              
 6 Far Seer 
 3 Feral Spirit
 2 Chain Lighting
 1 Earth Quake
 7 Firelord 
 3 Summon Lava Spawn
 3 Soul Burn
 1 Volcano
 5 Beastmaster 
 2 Summon Quilbeast
 3 Summon Hawk
 
                » actions 
                
                | Assign group hotkey | 138 |  | 
| Basic commands | 13 |  | 
| Build / train | 146 |  | 
| Enter build submenu | 126 |  | 
| Enter hero's abilities submenu | 19 |  | 
| Give item / drop item | 6 |  | 
| Remove unit from queue | 3 |  | 
| Right click | 3047 |  | 
| Select / deselect | 1510 |  | 
| Select group hotkey | 73 |  | 
| Use ability | 412 |  | 
                5493 total
 » units 
                
                | Peon | 33 |  | 
| Grunt | 3 |  | 
| Troll Headhunter/Berserker | 6 |  | 
| Demolisher | 9 |  | 
| Raider | 6 |  | 
| Spirit Walker | 6 |  | 
| Troll Batrider | 1 |  | 
| Goblin Shredder | 2 |  | 
| Wind Rider | 13 |  | 
| Goblin Zeppelin | 2 |  | 
                81 total
 » upgrades
                
                | Ensnare | 1 |  | 
| Spiked Barricades | 2 |  | 
| Reinforced Defenses | 1 |  | 
| Envenomed Spears | 1 |  | 
| Spirit Walker Training | 1 |  | 
                6 total
 » buildings
                
                | Altar of Storms | 1 |  | 
| Orc Burrow | 4 |  | 
| Stronghold | 1 |  | 
| Barracks | 2 |  | 
| War Mill | 1 |  | 
| Voodoo Lounge | 6 |  | 
| Watch Tower | 96 |  | 
| Fortress | 1 |  | 
| Beastiary | 2 |  | 
| Spirit Lodge | 1 |  | 
| Great Hall | 6 |  | 
                121 total
 » build order
                00:04 Altar of Storms
00:22 Orc Burrow
01:51 Stronghold
02:05 Barracks
02:21 Orc Burrow
02:22 War Mill
03:08 Voodoo Lounge
04:36 Watch Tower
04:37 Watch Tower
05:02 Orc Burrow
05:37 Watch Tower
06:21 Watch Tower
08:04 Watch Tower
08:34 Watch Tower
08:42 Voodoo Lounge
08:44 Barracks
09:30 Watch Tower
10:09 Orc Burrow
10:30 Watch Tower
10:54 Fortress
12:25 Beastiary
12:26 Spirit Lodge
16:30 Watch Tower
16:45 Watch Tower
17:46 Voodoo Lounge
19:32 Great Hall
19:45 Watch Tower
21:08 Watch Tower
21:09 Watch Tower
22:01 Watch Tower
22:02 Watch Tower
22:49 Watch Tower
22:54 Watch Tower
22:56 Watch Tower
23:35 Voodoo Lounge
24:24 Watch Tower
25:31 Watch Tower
26:47 Watch Tower
26:49 Watch Tower
27:00 Watch Tower
27:01 Watch Tower
28:05 Watch Tower
28:06 Watch Tower
28:08 Watch Tower
28:08 Watch Tower
28:09 Watch Tower
28:31 Watch Tower
28:43 Watch Tower
30:09 Watch Tower
30:37 Great Hall
31:24 Watch Tower
31:25 Watch Tower
31:25 Watch Tower
31:30 Watch Tower
31:30 Watch Tower
31:31 Watch Tower
31:34 Watch Tower
31:35 Watch Tower
31:36 Watch Tower
31:37 Watch Tower
31:43 Watch Tower
32:36 Great Hall
32:47 Watch Tower
32:48 Watch Tower
33:40 Watch Tower
34:08 Watch Tower
34:51 Watch Tower
35:19 Watch Tower
35:25 Watch Tower
35:33 Watch Tower
35:42 Watch Tower
35:48 Watch Tower
36:32 Watch Tower
36:38 Watch Tower
36:40 Watch Tower
36:50 Watch Tower
36:59 Watch Tower
37:04 Watch Tower
37:16 Watch Tower
37:37 Watch Tower
38:06 Watch Tower
38:07 Watch Tower
38:12 Watch Tower
38:14 Watch Tower
38:15 Watch Tower
38:16 Watch Tower
39:18 Watch Tower
39:20 Watch Tower
39:20 Watch Tower
39:22 Watch Tower
39:31 Watch Tower
39:46 Watch Tower
40:14 Watch Tower
40:19 Watch Tower
40:28 Watch Tower
40:38 Watch Tower
40:46 Watch Tower
40:47 Watch Tower
40:48 Watch Tower
41:00 Watch Tower
42:05 Great Hall
42:12 Watch Tower
42:32 Watch Tower
42:38 Watch Tower
42:59 Watch Tower
43:00 Watch Tower
45:44 Watch Tower
45:46 Watch Tower
47:52 Beastiary
50:10 Watch Tower
50:10 Watch Tower
50:11 Watch Tower
50:11 Watch Tower
50:17 Watch Tower
53:00 Watch Tower
53:01 Watch Tower
54:23 Great Hall
56:37 Watch Tower
59:11 Voodoo Lounge
60:13 Voodoo Lounge
62:44 Great Hall
» items
                
                | Healing Salve | 11 |  | 
| Lesser Clarity Potion | 6 |  | 
| Scroll of Speed | 3 |  | 
| Scroll of Town Portal | 6 |  | 
| Tiny Great Hall | 2 |  | 
| Orb of Lightning | 3 |  | 
                31 total
  
               team 2 (loser) 
              
              
ButterflyStroke (
yellow | 87 APM | 5551 actions | 64:01)
              
 8 Blademaster 
 3 Wind Walk
 3 Critical Strike
 1 Bladestorm
 1 Mirror Image
 7 Shadow Hunter 
 3 Healing Wave
 2 Hex
 1 Big Bad Voodoo
 1 Serpent Ward
 6 Far Seer 
 3 Feral Spirit
 2 Chain Lighting
 1 Earth Quake
 
                » actions 
                
                | Assign group hotkey | 201 |  | 
| Basic commands | 56 |  | 
| Build / train | 195 |  | 
| ESC pressed | 4 |  | 
| Enter build submenu | 53 |  | 
| Enter hero's abilities submenu | 23 |  | 
| Give item / drop item | 4 |  | 
| Remove unit from queue | 3 |  | 
| Right click | 2524 |  | 
| Select / deselect | 1334 |  | 
| Select group hotkey | 785 |  | 
| Use ability | 368 |  | 
                5551 total
 » units 
                
                | Peon | 13 |  | 
| Grunt | 1 |  | 
| Demolisher | 22 |  | 
| Raider | 12 |  | 
| Spirit Walker | 3 |  | 
| Shaman | 7 |  | 
| Forest Troll Shadow Priest | 2 |  | 
| Forest Troll Berserker | 2 |  | 
| Mud Golem | 2 |  | 
| Ogre Mauler | 1 |  | 
| Wind Rider | 2 |  | 
| Tauren | 6 |  | 
                73 total
 » upgrades
                
                | Ensnare | 1 |  | 
| Reinforced Defenses | 1 |  | 
| Melee Weapons | 3 |  | 
| Spiked Barricades | 1 |  | 
| Shaman Training | 2 |  | 
| Armor | 1 |  | 
| Burning Oil | 1 |  | 
| Pulverize | 1 |  | 
                11 total
 » buildings
                
                | Altar of Storms | 2 |  | 
| Orc Burrow | 7 |  | 
| War Mill | 1 |  | 
| Voodoo Lounge | 2 |  | 
| Watch Tower | 22 |  | 
| Stronghold | 1 |  | 
| Barracks | 2 |  | 
| Beastiary | 1 |  | 
| Fortress | 1 |  | 
| Spirit Lodge | 1 |  | 
| Tauren Totem | 1 |  | 
| Great Hall | 1 |  | 
                42 total
 » build order
                00:07 Altar of Storms
00:18 Orc Burrow
00:44 War Mill
01:05 Voodoo Lounge
01:58 Watch Tower
02:54 Stronghold
03:06 Barracks
03:27 Orc Burrow
04:39 Watch Tower
05:33 Orc Burrow
06:33 Voodoo Lounge
08:45 Barracks
09:51 Watch Tower
11:46 Altar of Storms
12:06 Orc Burrow
14:40 Beastiary
14:57 Fortress
18:56 Orc Burrow
20:10 Watch Tower
20:19 Watch Tower
20:22 Watch Tower
20:55 Watch Tower
21:29 Watch Tower
22:27 Spirit Lodge
28:31 Watch Tower
30:52 Watch Tower
31:40 Watch Tower
31:42 Watch Tower
31:44 Watch Tower
32:44 Watch Tower
32:48 Watch Tower
33:39 Watch Tower
35:18 Watch Tower
39:14 Tauren Totem
39:40 Watch Tower
43:01 Orc Burrow
43:06 Great Hall
47:25 Orc Burrow
48:45 Watch Tower
50:59 Watch Tower
51:01 Watch Tower
51:04 Watch Tower
» items
                
                | Healing Salve | 11 |  | 
| Lesser Clarity Potion | 24 |  | 
| Scroll of Speed | 12 |  | 
| Boots of Speed | 2 |  | 
| Staff of Teleportation | 1 |  | 
| Potion of Healing | 4 |  | 
| Potion of Lesser Invulnerability | 3 |  | 
| Scroll of Healing | 2 |  | 
| Scroll of Town Portal | 12 |  | 
| Tiny Great Hall | 3 |  | 
| Orb of Lightning | 3 |  | 
| Potion of Mana | 4 |  | 
                81 total
  
                Chat log
          
(21:15 / All) GOKUMaN69: so
(21:18 / All) GOKUMaN69: sooo
(21:36 / All) GOKUMaN69: this works best vs ne btw
(21:43 / All) GOKUMaN69: go bat master
(21:46 / All) ButterflyStroke: i know
(21:57 / All) GOKUMaN69: suck vs orc
(28:58 / All) GOKUMaN69: like I have map control
(29:06 / All) ButterflyStroke: u wish
(34:13 / All) ButterflyStroke: u're dead
(34:20 / All) GOKUMaN69: fight me
(34:32 / All) ButterflyStroke: use your tiny brain
(34:36 / All) ButterflyStroke: if u have one
(34:58 / All) GOKUMaN69: U have alot of towers
(35:03 / All) ButterflyStroke: u2
(35:08 / All) GOKUMaN69: i need them
(48:18 / All) GOKUMaN69: your such a fagget
(57:24 / All) GOKUMaN69: u fuckin asshole
(58:16 / All) GOKUMaN69: a hour game
(59:42 / All) GOKUMaN69: this shit has no place on the ladder